Match 45757213
Unlisted

Match 45757213
End
Pioneer Squad
Construct Infanterie Kompanie
Selects Mechanized Battlegroup
Grenadier Squad
MG 42 Machine Gun Team
Grenadier Squad
Sniper
Construct Luftwaffe Kompanie
Selects Mobile Repair Stations
Selects Spotting Scopes
221 Scout Car
Jäger Squad
Support Elements
Selects Raid Package
Wirbelwind Flakpanzer
Selects StuG Assault Group
Grenadier Squad
Swan
Ermac
Berkilius
Khelben
0
0

Comments sign in to comment!

No comments posted yet!